 Dungeon Crawl Stone Soup version 0.22-a0-482-g76e0a5f51a (webtiles) character file.

158948 vierth the Peltast (level 17, -3/163 HPs)
             Began as a Minotaur Fighter on June 17, 2018.
             Was the Champion of Trog.
             Shot with an arrow by a deep elf master archer (17 damage)
             ... on level 3 of the Elven Halls.
             The game lasted 01:45:44 (29048 turns).

vierth the Peltast (Minotaur Fighter)              Turns: 29048, Time: 01:45:45

Health: -3/163     AC: 22    Str: 32    XL:     17   Next: 15%
Magic:  16/16      EV:  9    Int:  6    God:    Trog [******]
Gold:   1348       SH: 22    Dex: 15    Spells: 16/16 levels left

rFire    + + .     SeeInvis .   u - +9 broad axe "Wofuoh" {elec, rF+ Str+2}
rCold    . . .     Gourm    .   c - +0 shield
rNeg     + . .     Faith    .   v - +2 plate armour "Hiesmoat" {Str+4}
rPois    .         Spirit   .   J - +0 hat
rElec    .         Reflect  +   (no cloak)
rCorr    .         Harm     .   d - +1 pair of gloves "Ageog" {Dex+4}
MR       +....                  (no boots)
Stlth    ..........             e - +6 amulet of reflection
HPRegen  0.37/turn              r - ring of positive energy
MPRegen  0.15/turn              R - ring of protection from fire

@: lethally poisoned (-3 -> -4), about to teleport, berserk cooldown, slowed,
drained, very slow
A: retaliatory headbutt, horns 2
a: Berserk, Trog's Hand, Brothers in Arms, Renounce Religion


You were on level 3 of the Elven Halls.
You worshipped Trog.
Trog was exalted by your worship.
You were not hungry.

You visited 6 branches of the dungeon, and saw 27 of its levels.
You visited the Abyss 1 time.
You also visited: Labyrinth.

You collected 2540 gold pieces.
You spent 1192 gold pieces at shops.

Inventory:

Hand Weapons
 s - a +2 flail of protection
 u - the +9 broad axe "Wofuoh" (weapon) {elec, rF+ Str+2}
   (You bought it in a shop on level 5 of the Dungeon)

   Occasionally, upon striking a foe, it will discharge some electrical energy
   and cause terrible harm.
   It affects your strength (+2).
   It protects you from fire.
 w - the +9 broad axe "Devuepy" {chop, rF+ MR+ Str+2}
   (Trog gifted it to you on level 2 of the Lair of Beasts)

   It inflicts extra damage upon your enemies.
   It affects your strength (+2).
   It protects you from fire.
   It affects your resistance to hostile enchantments.
Missiles
 p - 7 poisoned javelins (quivered)
Armour
 c - a +0 shield (worn)
 d - the +1 pair of gloves "Ageog" (worn) {Dex+4}
   (You found it on level 12 of the Dungeon)

   It affects your dexterity (+4).
 v - the +2 plate armour "Hiesmoat" (worn) {Str+4}
   (You acquired it on level 6 of the Dungeon)

   It affects your strength (+4).
 J - a +0 hat (worn)
Jewellery
 e - a +6 amulet of reflection (around neck)
 i - an uncursed amulet of the gourmand
 r - a ring of positive energy (left hand)
 B - an uncursed ring of ice
 R - a ring of protection from fire (right hand)
Wands
 C - a wand of flame (127)
 I - a wand of digging (14)
 M - a wand of clouds (7)
 P - a wand of iceblast (21)
 S - a wand of polymorph (24)
 V - a wand of disintegration (23)
Scrolls
 a - 2 scrolls of fog
 b - 2 scrolls of fear
 k - 11 scrolls of teleportation
 n - a scroll of torment {unknown}
 o - 15 scrolls of remove curse
 x - 5 scrolls of enchant weapon
 y - 4 scrolls of enchant armour
 A - 6 scrolls of magic mapping
 E - 3 scrolls of identify
 K - a scroll of holy word
 Y - a scroll of summoning {unknown}
Potions
 g - 3 potions of mutation
 h - 5 potions of curing
 j - 3 potions of magic
 l - 4 potions of flight
 m - 5 potions of heal wounds
 z - 3 potions of agility
 D - 2 potions of haste
 G - 2 potions of cancellation
 L - 2 potions of might
 Q - a potion of brilliance {unknown}
 T - a potion of resistance
 U - 2 potions of lignification {unknown}
 X - a potion of ambrosia {unknown}
Miscellaneous
 W - a lamp of fire
Comestibles
 f - 32 rations


   Skills:
 + Level 18.1(17.7) Fighting
 + Level 18.0(17.6) Axes
 + Level 18.1(17.7) Armour
 + Level 18.1(17.7) Shields


You had 16 spell levels left.
You didn't know any spells.
Your spell library was empty.

Dungeon Overview and Level Annotations

Branches:
Dungeon (14/15)            Temple (1/1) D:7            Lair (6/6) D:9
 Shoals (1/4) Lair:4        Snake (0/4) Lair:2          Orc (2/2) D:10
    Elf (3/3) Orc:2        Vaults (0/5) D:13
  Slime: Lair:5-6

Altars:
Cheibriados
Dithmenos
Elyvilon
Fedhas
Gozag
Hepliaklqana
Kikubaaqudgha
Nemelex Xobeh
Okawaru
Qazlal
Ru
Sif Muna
Trog
Uskayaw
Vehumet
Wu Jian
Xom
Yredelemnul
Zin
The Shining One

Shops:
D:5 *   D:7 !   Orc:2 }(}::   Elf:1 [   Elf:2 =

Annotations:
Lair:2 exclusion: ice statue
Lair:5 exclusion: 3 oklob plants


Innate Abilities, Weirdness & Mutations

You reflexively headbutt those who attack you in melee.
You have a pair of horns on your head.


Message History

As you read the scroll of teleportation, it crumbles to dust.
You feel strangely unstable.
You feel sick.
You block the deep elf death mage's attack.
The deep elf demonologist gestures wildly while chanting.
The deep elf master archer shoots an arrow.
The arrow hits you.
* * * LOW HITPOINT WARNING * * *
You block the orange demon's attack.
The deep elf master archer shoots an arrow.
The arrow hits you!!
* * * LOW HITPOINT WARNING * * *
The deep elf death mage barely misses you.
You hear a shout!
You feel sick.
You hear a shout! x2
The deep elf master archer shoots an arrow.
The arrow closely misses you.
The deep elf master archer shoots an arrow.
The arrow hits you!
You die...

.4§## #...#..#≈≈. (..##
#.(.#..#≈≈. ..(## #...#..#≈≈.
##4..# #...#..#≈≈. ##.ee#
#...#..#≈≈. ##...## #...'..#≈≈.
#...## #...#.[#≈≈.
##(###########...#..#≈≈.
+).44e(@'.......##+##≈≈≈
#...ee1.#......## ##≈≈
#.......#.....## ##≈
#######'###'### #≈
..............+ #≈
....[.....[.(.# #≈
######################### ##≈
≈≈≈≈≈≈≈≈≈≈≈≈≈≈≈≈≈≈≈≈≈≈≈≈## ##≈≈
≈≈≈≈≈≈≈≈≈≈≈≈≈≈≈≈≈≈≈≈≈≈≈≈≈#####≈≈≈


You could see an Ice Fiend, a deep elf master archer, a deep elf death mage, a
deep elf demonologist, an orange demon and an ice devil.

Vanquished Creatures
  A deep elf blademaster (Elf:2)
  Gastronok (Lair:1)
  A deep elf sorcerer (Elf:2)
  The ghost of JUnderhill the Thaumaturge, a journeyman DsFE of Vehumet (Orc:2)
  3 deep elf demonologists
  Nessos (D:12)
  A deep elf annihilator (Elf:3)
  A minotaur (Lab)
  A deep elf high priest (Elf:1)
  A rakshasa (D:13)
  4 vault guards (D:13)
  A ragged hierophant (Elf:1)
  5 hydras
  An ice dragon (Lair:2)
  A catoblepas (Lair:6)
  A merfolk avatar (Lair:4)
  33 dancing weapons
  4 two-headed ogres
  A centaur warrior (D:13)
  16 death yaks
  A tengu warrior (D:14)
  3 orc high priests (Orc:2)
  A deep troll shaman (Lair:6)
  The ghost of nubinia the Geomancer, a novice GrEE of Ashenzari (Lair:1)
  20 deep elf knights
  3 skeletal warriors (D:14)
  A spriggan druid (Elf:3)
  12 deep elf archers
  3 unseen horrors
  A deep troll (shapeshifter) (Elf:1)
  A wizard (D:14)
  4 orc knights (Orc:2)
  A lindwurm (Lair:6)
  44 deep elf magi
  2 ugly things (D:12)
  4 orc sorcerers
  4 cyclopes
  3 manticores
  2 centaur zombies
  The ghost of Ordine the Cudgeler, a novice GrFi of Okawaru (D:5)
  16 elephants
  2 black mambas (Lair:4)
  2 gargoyles
  2 centaur skeletons
  3 torpor snails
  6 komodo dragons
  4 spiny frogs
  A rime drake (Lair:6)
  4 tengu conjurers
  The ghost of vierth the Skirmisher, an amateur MiFi (D:4)
  6 trolls
  A polar bear (shapeshifter) (Elf:2)
  3 meliai (D:14)
  9 polar bears
  3 saltlings (Elf:1)
  9 hippogriffs
  6 dream sheep (Lair:4)
  The ghost of zluc the Skirmisher, an amateur GrFi (D:3)
  19 blink frogs
  Sigmund (D:4)
  45 yaks
  A wyvern (D:13)
  7 air elementals
  3 fire elementals (Elf:2)
  4 water elementals
  A wraith (D:10)
  A vampire (D:12)
  2 hungry ghosts
  A steam dragon (D:11)
  3 basilisks
  3 vampire mosquitoes (D:12)
  Menkaure (D:6)
  3 wargs
  20 water moccasins
  Edmund (D:4)
  Duvessa (D:7)
  2 small abominations
  7 porcupines
  A swamp drake (D:10)
  A black bear (shapeshifter) (D:14)
  4 black bears
  A hornet zombie (D:7)
  14 ice beasts
  An eye of draining (D:13)
  24 orc warriors
  4 sky beasts
  A necrophage (D:12)
  13 ogres
  4 phantoms
  16 wolves
  9 centaurs
  12 crocodiles
  19 bullfrogs
  3 big kobolds
  7 earth elementals
  4 scorpions
  A water moccasin skeleton (D:6)
  Dowan (D:7)
  10 killer bees
  6 howler monkeys
  4 bullfrog zombies
  An electric eel (Elf:3)
  6 crimson imps
  A quasit (D:10)
  8 hounds
  23 orc priests
  Crazy Yiuf (D:5)
  2 bullfrog skeletons
  6 jellies
  34 orc wizards
  Jessica (D:2)
  2 hell rats (Lair:3)
  5 iguanas
  8 worker ants
  2 hound skeletons
  A mummy (D:8)
  A worker ant zombie (D:5)
  4 gnolls
  A howler monkey skeleton (D:7)
  20 adders
  9 river rats (Lair:3)
  5 shadow imps
  7 oozes
  2 adder zombies
  An adder skeleton (D:4)
  7 worms
  3 dart slugs
  5 leopard geckos
  92 orcs
  6 giant cockroaches
  5 goblins
  9 hobgoblins
  10 jackals
  27 kobolds
  3 quokkas
  3 ball pythons
  7 bats
  5 frilled lizards
  A hobgoblin zombie (D:8)
  3 kobold zombies (D:8)
  10 rats
  A bush (Lair:6)
  5 fungi
  7 plants
916 creatures vanquished.

Vanquished Creatures (others)
  2 deep elf archers (Elf:3)
  An air elemental (Elf:1)
  A tarantella (shapeshifter) (Elf:2)
  An orc priest (Orc:2)
  14 fungi
  38 plants
57 creatures vanquished.

Grand Total: 973 creatures vanquished

Notes
Turn   | Place    | Note
-------+----------+-------------------------------------------
     0 | D:1      | vierth the Minotaur Fighter began the quest for the Orb.
     0 | D:1      | Reached XP level 1. HP: 19/19 MP: 0/0
   265 | D:1      | Reached XP level 2. HP: 27/27 MP: 1/1
   637 | D:2      | Reached XP level 3. HP: 33/33 MP: 2/2
   806 | D:2      | Noticed Jessica
   812 | D:2      | Killed Jessica
   812 | D:2      | Reached XP level 4. HP: 36/41 MP: 3/3
  1421 | D:3      | Reached XP level 5. HP: 47/47 MP: 4/4
  1482 | D:3      | Found an iron altar of Okawaru.
  1650 | D:3      | Noticed zluc's ghost (amateur GrFi)
  1666 | D:3      | Killed zluc's ghost
  1666 | D:3      | Reached skill level 5 in Fighting
  1666 | D:3      | Reached skill level 5 in Armour
  1666 | D:3      | Reached skill level 5 in Shields
  1666 | D:3      | Reached XP level 6. HP: 12/56 MP: 5/5
  1844 | D:3      | Found a shadowy altar of Dithmenos.
  1844 | D:3      | Found a sparkling altar of Nemelex Xobeh.
  2343 | D:4      | Noticed Sigmund
  2353 | D:4      | Killed Sigmund
  2353 | D:4      | Reached skill level 5 in Axes
  2353 | D:4      | Reached XP level 7. HP: 45/62 MP: 6/6
  2656 | D:4      | Noticed vierth's ghost (amateur MiFi)
  2730 | D:4      | Killed vierth's ghost
  2730 | D:4      | Reached XP level 8. HP: 42/71 MP: 7/7
  2778 | D:4      | Noticed Edmund
  2787 | D:4      | Killed Edmund
  2958 | D:4      | Found a radiant altar of Vehumet.
  3050 | D:4      | Found a glowing golden altar of the Shining One.
  3055 | D:4      | Found a basalt altar of Yredelemnul.
  3057 | D:4      | Noticed a profane servitor
  3098 | D:5      | Entered Level 5 of the Dungeon
  3264 | D:5      | Noticed Ordine's ghost (novice GrFi)
  3376 | D:5      | Found Poiss's Assorted Antiques.
  3386 | D:5      | Bought a scorched broad axe for 198 gold pieces
  3386 | D:5      | Identified the +9 broad axe "Wofuoh" {elec, rF+ Str+2} (You bought it in a shop on level 5 of the Dungeon)
  3504 | D:5      | Found a sacrificial altar of Ru.
  3504 | D:5      | Found a hide-covered altar of Uskayaw.
  3685 | D:5      | Killed Ordine's ghost
  3811 | D:5      | Found a runed door.
  3972 | D:5      | Noticed Crazy Yiuf
  3974 | D:5      | Killed Crazy Yiuf
  3974 | D:5      | Reached XP level 9. HP: 81/81 MP: 8/8
  4058 | D:6      | Noticed Menkaure
  4061 | D:6      | Killed Menkaure
  4187 | D:6      | Found a deep blue altar of Sif Muna.
  4624 | D:6      | Identified a scroll of acquirement
  4625 | D:6      | Got a fine plate armour
  4636 | D:6      | Identified the +2 plate armour "Hiesmoat" {Str+4} (You acquired it on level 6 of the Dungeon)
  4845 | D:7      | Found Vodul's Distillery.
  4845 | D:7      | Noticed Dowan
  4850 | D:7      | Killed Dowan
  4853 | D:7      | Noticed Duvessa
  4867 | D:7      | Killed Duvessa
  4901 | D:7      | Found a staircase to the Ecumenical Temple.
  5583 | Temple   | Entered the Ecumenical Temple
  5639 | Temple   | Became a worshipper of Trog the Wrathful
  5722 | D:8      | Found a shimmering altar of Xom.
  5724 | D:8      | Found a shimmering altar of Xom.
  5727 | D:8      | Found a shimmering altar of Xom.
  5728 | D:8      | Found a shimmering altar of Xom.
  5729 | D:8      | Found a shimmering altar of Xom.
  5729 | D:8      | Found a shimmering altar of Xom.
  5731 | D:8      | Found a shimmering altar of Xom.
  5775 | D:8      | Found an opulent altar of Gozag.
  5775 | D:8      | Found a glowing silver altar of Zin.
  5842 | D:8      | Noticed a troll
  5855 | D:8      | Killed a troll
  5855 | D:8      | Reached XP level 10. HP: 85/91 MP: 9/9
  6250 | D:8      | Reached * piety under Trog
  6323 | D:9      | Noticed a two-headed ogre
  6330 | D:8      | Killed a two-headed ogre
  6339 | D:8      | Reached skill level 10 in Shields
  6356 | D:9      | Reached skill level 10 in Fighting
  6403 | D:9      | Found a stormy altar of Qazlal.
  6411 | D:9      | Found a blossoming altar of Fedhas.
  6435 | D:9      | Reached skill level 10 in Armour
  6454 | D:9      | Noticed a two-headed ogre
  6459 | D:9      | Killed a two-headed ogre
  6510 | D:9      | Reached skill level 10 in Axes
  6588 | D:9      | Noticed a manticore
  6589 | D:9      | Found a staircase to the Lair.
  6592 | D:9      | Killed a manticore
  6708 | D:9      | Noticed a two-headed ogre
  6712 | D:9      | Killed a two-headed ogre
  6712 | D:9      | Reached XP level 11. HP: 56/101 MP: 10/10
  6923 | D:9      | Reached ** piety under Trog
  7145 | D:10     | Entered Level 10 of the Dungeon
  7286 | D:10     | Reached *** piety under Trog
  7313 | D:10     | Found a staircase to the Orcish Mines.
  8106 | Lair:1   | Entered Level 1 of the Lair of Beasts
  8136 | Lair:1   | You fall through a shaft!
  8136 | Lair:2   | Noticed a five-headed hydra
  8142 | Lair:2   | Killed a five-headed hydra
  8213 | Lair:2   | Reached **** piety under Trog
  8262 | Lair:2   | Noticed an ice dragon
  8289 | Lair:2   | Killed an ice dragon
  8289 | Lair:2   | Reached XP level 12. HP: 112/112 MP: 11/11
  8477 | Lair:2   | Found a staircase to the Snake Pit.
  8595 | Lair:2   | Reached ***** piety under Trog
  8624 | Lair:2   | Received a gift from Trog
  8662 | Lair:2   | Got a crude broad axe {god gift}
  8663 | Lair:2   | Identified the +9 broad axe "Devuepy" {chop, rF+ MR+ Str+2} (Trog gifted it to you on level 2 of the Lair of Beasts)
  9409 | Lair:1   | Noticed nubinia's ghost (novice GrEE)
  9418 | Lair:1   | Killed nubinia's ghost
  9560 | Lair:1   | Noticed Gastronok
  9572 | Lair:1   | Killed Gastronok
 10289 | Lair:3   | Found a labyrinth entrance.
 10300 | Lab      | Entered a labyrinth
 11826 | Lab      | Noticed a minotaur
 11832 | Lab      | Killed a minotaur
 12381 | Lair:4   | Noticed a death yak
 12382 | Lair:4   | Noticed a death yak
 12387 | Lair:4   | Noticed a death yak
 12390 | Lair:4   | Reached XP level 13. HP: 122/122 MP: 12/12
 13751 | Lair:4   | Found a staircase to the Shoals.
 14611 | Lair:5   | Received a gift from Trog
 14614 | Lair:5   | Reached XP level 14. HP: 133/133 MP: 13/13
 15410 | Lair:6   | Entered Level 6 of the Lair of Beasts
 15733 | Lair:6   | Reached skill level 15 in Fighting
 15734 | Lair:6   | Reached skill level 15 in Shields
 15872 | Lair:6   | Reached skill level 15 in Armour
 15901 | Lair:6   | Got an ichor-stained falchion
 16615 | Orc:1    | Entered Level 1 of the Orcish Mines
 16615 | Orc:1    | Found a bloodstained altar of Trog.
 16732 | Orc:1    | Reached skill level 15 in Axes
 16803 | Orc:1    | Received a gift from Trog
 17078 | Orc:2    | Entered Level 2 of the Orcish Mines
 17532 | Orc:2    | Noticed JUnderhill's ghost (journeyman DsFE)
 17566 | Orc:2    | Killed JUnderhill's ghost
 17817 | Orc:2    | Found Ukiusm Moela's Gadget Shoppe.
 18171 | Orc:2    | Found a staircase to the Elven Halls.
 18438 | Orc:2    | Found a bloodstained altar of Trog.
 18632 | Orc:2    | Found Benlay's Antique Weapon Shop.
 18632 | Orc:2    | Found Akaru's Book Shoppe.
 18635 | Orc:2    | Found Udekleh's Gadget Shop.
 18635 | Orc:2    | Found Umugryip's Book Shoppe.
 18869 | Shoals:1 | Entered Level 1 of the Shoals
 19233 | D:11     | Received a gift from Trog
 20136 | D:12     | Reached XP level 15. HP: 143/143 MP: 14/14
 20255 | D:12     | Found a shimmering altar of Xom.
 20508 | D:12     | Noticed Nessos
 20519 | D:12     | Killed Nessos
 20783 | D:12     | Got a pair of scorched gloves
 20794 | D:12     | Identified the +1 pair of gloves "Ageog" {Dex+4} (You found it on level 12 of the Dungeon)
 21017 | D:13     | Received a gift from Trog
 21093 | D:13     | Found a gate to the Vaults.
 22228 | D:14     | Reached ****** piety under Trog
 22230 | D:14     | Got a flickering bronze ring
 22511 | Elf:1    | Entered Level 1 of the Elven Halls
 23019 | Elf:1    | Received a gift from Trog
 23340 | Elf:1    | Cast into level 2 of the Abyss (a deep elf demonologist)
 23370 | Elf:1    | Escaped the Abyss
 23436 | Elf:1    | Received a gift from Trog
 23820 | Elf:1    | Found Anuyfy's Antique Armour Emporium.
 24016 | Elf:1    | Reached XP level 16. HP: 125/154 MP: 15/15
 24649 | Elf:2    | Received a gift from Trog
 24673 | Elf:2    | Found Tuh Wuf's Jewellery Emporium.
 24698 | Elf:2    | Bought a +6 amulet of reflection for 994 gold pieces
 24860 | Elf:2    | Found a runed gate.
 24860 | Elf:2    | Found a runed gate.
 24861 | Elf:2    | Found a runed gate.
 25131 | Elf:2    | Noticed a deep elf blademaster
 25145 | Elf:2    | Killed a deep elf blademaster
 26959 | Elf:3    | Entered Level 3 of the Elven Halls
 28275 | Elf:3    | Reached XP level 17. HP: 163/163 MP: 16/16
 28673 | Elf:3    | Received a gift from Trog
 29019 | Elf:3    | Noticed an Ice Fiend
 29026 | Elf:3    | Noticed a deep elf master archer
 29048 | Elf:3    | Noticed an Ice Fiend
 29048 | Elf:3    | Shot with an arrow by a deep elf master archer

Vault maps used:
D:1:      matt_arrival_spirals
D:2:      uniq_jessica
D:3:      grunt_dithmenos_smoke_and_mirrors, nemelex_xobeh_ov_fountains_minmay,
          first_ration, okawaru_altar_gauntlet_db
D:4:      grunt_temple_overflow_holy_war, lemuel_round_altar, serial_glass,
          glass_columns_a, glass_columns_b, glass_columns_a, glass_columns_a,
          glass_columns_c, glass_columns_a, glass_columns_a, glass_columns_b,
          glass_columns_a, glass_columns_a, uniq_sigmund, uniq_edmund
D:5:      gammafunk_temple_overflow_elements, serial_shops,
          nicolae_shop_crystal, nicolae_underground_beach,
          uniq_crazy_yiuf_cottage
D:6:      lemuel_doored_altar, minmay_fountain_box, uniq_menkaure
D:7:      temple_doors_e, serial_shops, shop, serial_column_ruins,
          column_ruins_corridor_corner, column_ruins_open_small,
          column_ruins_open_small, column_ruins_open_tiny,
          column_ruins_open_small, kennysheep_generic_room_13, uniq_duvessa
D:8:      grunt_temple_overflow_gold_and_silver, nicolae_xom_altar_mimics,
          hangedman_little_slice_of_home, minmay_mini_ossuary
D:9:      grunt_temple_overflow_forces_of_nature, grunt_lair_entry_orc_guard_hut
D:10:     erik_orc_1, lightli_orcish_oven
D:12:     basic_altar, uniq_nessos
D:13:     lightli_vaults_fourway_checkpoint
D:14:     kennysheep_nub, grunt_tough_drop
Temple:   compressed_dpeg_triangle_lava_temple
Lair:1:   uniq_gastronok
Lair:2:   minmay_snake_entry_six_corridors, minivault_26, ice2_lemuel
Lair:3:   lab_entry_generic, minivault_26, minivault_25, kennysheep_rathole,
          lemuel_fruit_tree
Lair:4:   elwin_shoals_entry_rocks, infiniplex_staircase_pool_2
Lair:5:   minmay_slime_entry_oklob_enclosed
Lair:6:   grunt_lair_end_beastmaster
Orc:1:    basic_altar
Orc:2:    grunt_orc_tribal_feast, serial_shops,
          nicolae_shop_temple_entry_statues_fountains, nicolae_orc_damp_corner,
          bloody_trog
Elf:1:    minmay_elf_arrival_circle, serial_shops, shop,
          portal_ice_cave_entry_pillars_2, portal_desolation_entry_salt,
          hangedman_elf_represent, small_chamber_with_monster
Elf:2:    serial_shops, shop
Elf:3:    grunt_elf_hall_asides, kilobyte_rumbling_trees

Skill      XL: |  1  2  3  4  5  6  7  8  9 10 11 12 13 14 15 16 17 |
---------------+----------------------------------------------------+-----
Fighting       | 4 5 6 8 9 10 12 13 14 15 16 18 | 18.1
Armour         | 4 5 6 7 9 10 12 13 14 15 16 17 18 | 18.1
Shields        | 4 5 6 7 9 10 12 13 14 15 16 17 18 | 18.1
Axes           | 3 4 5 6 7 9 10 11 13 14 15 16 17 18 | 18.0

Action                   |  1- 3 |  4- 6 |  7- 9 | 10-12 | 13-15 | 16-18 || total
-------------------------+-------+-------+-------+-------+-------+-------++-------
Melee: War axe           |    76 |   133 |    89 |       |       |       ||   298
       Headbutt          |    12 |    27 |    49 |    85 |   189 |    79 ||   441
       Broad axe         |       |       |   126 |   388 |   646 |   320 ||  1480
       Flail             |       |       |       |    17 |    18 |       ||    35
       Hand axe          |       |       |       |       |   192 |       ||   192
Throw: Javelin           |       |       |       |       |     6 |       ||     6
Invok: Berserk           |       |       |       |    14 |    38 |     8 ||    60
  Use: Scroll            |     3 |     5 |     3 |    14 |    10 |     5 ||    40
       Potion            |       |       |       |       |     1 |       ||     1
 Stab: Confused          |       |       |       |     2 |       |       ||     2
       Distracted        |       |       |       |       |     2 |     1 ||     3
  Eat: Ration            |       |     2 |     2 |     4 |     6 |     6 ||    20
       Chunk             |       |       |     2 |    28 |    56 |       ||    86
Armor: Scale mail        |    55 |    47 |    44 |       |       |       ||   146
       Plate armour      |       |       |    31 |   154 |   278 |    87 ||   550
Dodge: Dodged            |    32 |    36 |    61 |    79 |   131 |    39 ||   378
Block: Shield            |    52 |    65 |   133 |   228 |   457 |   289 ||  1224
       Reflection        |       |       |       |       |       |    58 ||    58

Table legend:
 A = Spawn XP
 B = Non-spawn XP
 C = Spawn XP percentage of total XP
 D = Spawn monster count
 E = Non-spawn monster count
 F = Spawn count percentage of total count
 G = Total turns spent on level
                    A         B        C        D         E        F      G
               +---------+---------+-------+---------+---------+-------+---------
         Total |     142 |  226927 |   0.1 |       1 |     905 |   0.1 | 29048
               +---------+---------+-------+---------+---------+-------+---------
           D:1 |       0 |      21 |   0.0 |       0 |      13 |   0.0 |   590
           D:2 |       0 |     151 |   0.0 |       0 |      28 |   0.0 |   695
           D:3 |       0 |     469 |   0.0 |       0 |      39 |   0.0 |  1056
           D:4 |       0 |    1262 |   0.0 |       0 |      30 |   0.0 |  1001
           D:5 |       0 |     787 |   0.0 |       0 |      12 |   0.0 |   551
           D:6 |       0 |    1168 |   0.0 |       0 |      19 |   0.0 |   786
           D:7 |       0 |    1201 |   0.0 |       0 |      23 |   0.0 |   923
           D:8 |       0 |    2327 |   0.0 |       0 |      38 |   0.0 |   662
           D:9 |       0 |    4766 |   0.0 |       0 |      39 |   0.0 |   884
          D:10 |       0 |    4140 |   0.0 |       0 |      60 |   0.0 |  1090
          D:11 |       0 |    3996 |   0.0 |       0 |      41 |   0.0 |   854
          D:12 |       0 |    8488 |   0.0 |       0 |      39 |   0.0 |  1081
          D:13 |       0 |   11593 |   0.0 |       0 |      41 |   0.0 |   728
          D:14 |       0 |    9861 |   0.0 |       0 |      29 |   0.0 |   764
        Lair:1 |       0 |    4309 |   0.0 |       0 |       8 |   0.0 |   637
        Lair:2 |       0 |   12590 |   0.0 |       0 |      63 |   0.0 |  1130
        Lair:3 |       0 |    3136 |   0.0 |       0 |      23 |   0.0 |  1590
        Lair:4 |       0 |   18335 |   0.0 |       0 |      50 |   0.0 |  1311
        Lair:5 |       0 |   11233 |   0.0 |       0 |      24 |   0.0 |  1303
        Lair:6 |       0 |   14764 |   0.0 |       0 |      46 |   0.0 |  1051
         Orc:1 |       0 |    1804 |   0.0 |       0 |      30 |   0.0 |   517
         Orc:2 |       0 |   11570 |   0.0 |       0 |      59 |   0.0 |  2087
         Elf:1 |       0 |   28220 |   0.0 |       0 |      47 |   0.0 |  1912
         Elf:2 |       0 |   43416 |   0.0 |       0 |      62 |   0.0 |  2463
         Elf:3 |       0 |   26074 |   0.0 |       0 |      41 |   0.0 |  1683
       Abyss:2 |     142 |       0 | 100.0 |       1 |       0 | 100.0 |    30
           Lab |       0 |    1246 |   0.0 |       0 |       1 |   0.0 |  1586
               +---------+---------+-------+---------+---------+-------+---------
